 Dungeon Crawl Stone Soup version 0.28.0-45-g0d030f2227 (webtiles) character file.

Game seed: 14056109826045898159

199 H0rd4k the Magician (level 5, -4/28 HPs)
             Began as a Deep Elf Hedge Wizard on Apr 19, 2022.
             Succumbed to a kobold brigand's poison
             ... in a sewer.
             The game lasted 00:04:23 (3939 turns).

H0rd4k the Magician (Deep Elf Hedge Wizard)         Turns: 3939, Time: 00:04:23

Health: -4/28      AC:  4    Str:  7    XL:     5   Next: 48%
Magic:  4/16       EV: 12    Int: 21    God:
Gold:   169        SH:  0    Dex: 14    Spells: 8/17 levels left

rFire   . . .      SeeInvis .   a - +0 dagger
rCold   . . .      Faith    .   (no shield)
rNeg    . . .      Spirit   .   b - +1 leather armour {rPois}
rPois   +          Reflect  .   c - +0 hat
rElec   .          Harm     .   (no cloak)
rCorr   .          Rampage  .   (no gloves)
Will    .....                   (no boots)
Stlth   ++........              (no amulet)
HPRegen 0.09/turn               (no ring)
MPRegen 0.15/turn               (no ring)

@: lethally poisoned (-4 -> -24), on berserk cooldown, flying, slowed, very slow
A: no striking features
a: no special abilities


You were in a sewer.
You visited 1 branch of the dungeon, and saw 4 of its levels.
You also visited: Sewer.

You collected 169 gold pieces.

Inventory:

Hand Weapons
 a - a +0 dagger (weapon)
Armour
 b - a +1 leather armour of poison resistance (worn)
 c - a +0 hat (worn)
 h - a +1 leather armour of fire resistance
Scrolls
 d - a scroll of magic mapping {unknown}
 e - a scroll of fog {unknown}
 k - 2 scrolls of amnesia {unknown}
 l - 3 scrolls of identify {unknown}
 m - a scroll of blinking {unknown}
 o - a scroll of vulnerability {unknown}
 p - a scroll of noise {unknown}
Potions
 f - a potion of berserk rage
 j - a potion of heal wounds {unknown}
 n - a potion of flight
 q - a potion of lignification {unknown}


   Skills:
 + Level 2.5 Dodging
 - Level 2.4 Stealth
 + Level 6.8 Spellcasting
 + Level 2.3 Conjurations
 + Level 1.1 Summonings
 + Level 1.1 Translocations
 + Level 1.4 Fire Magic
 + Level 1.9 Air Magic
 + Level 1.2 Poison Magic


You had 8 spell levels left.
You knew the following spells:

 Your Spells              Type           Power      Damage    Failure   Level
a - Magic Dart            Conj           68%        1d6       4%          1
b - Blink                 Tloc           22%        N/A       13%         2
c - Conjure Flame         Conj/Fire      15%        6-21      19%         3
d - Mephitic Cloud        Conj/Pois/Air  14%        N/A       19%         3

Your spell library contained the following spells:

 Spells                   Type           Power      Damage    Failure   Level
 Shock                    Conj/Air       64%        1d7       5%          1
 Call Imp                 Summ           11%        N/A       13%         2
 Slow                     Hex            28%        N/A       14%         1
 Swiftness                Air            15%        N/A       19%         3
 Airstrike                Air            7%         N/A       52%         4


Dungeon Overview and Level Annotations

Branches:
Dungeon (4/15)              Sewer (1/1)
 Temple: D:4-7

Altars:

Annotations:
D:3 Terence
D:4 exclusion: upstairs


Message History

You feel sick.
The kobold brigand throws a poisoned dart.
The poisoned dart hits you.
You are lethally poisoned!
You see here a rat skeleton.
It was a potion of berserk rage.
A red film seems to cover your vision as you go berserk!
You feel yourself moving faster!
You feel mighty!
* * * LOW HITPOINT WARNING * * *
You feel sick.
You feel a strong urge to attack something.
You feel sick.
Things that are here:
a rat skeleton; a rat skeleton You feel sick.
You feel your anger nearly subside.
You feel sick.
You enter the shallow water.
Moving in this stuff is going to be slow.
You are no longer berserk.
You are exhausted.
You feel yourself slow down.
* * * LOW HITPOINT WARNING * * *
You feel sick.
The kobold brigand throws a poisoned dart.
The poisoned dart completely misses you.
It was a potion of flight.
You feel very buoyant.
You fly up into the air.
* * * LOW HITPOINT WARNING * * *
You feel sick.
The kobold brigand throws a poisoned dart.
The poisoned dart hits you!
You are more poisoned.
The kobold brigand throws a poisoned dart.
The poisoned dart hits you!
You are more poisoned.
It was a potion of mutation.
You feel extremely strange.
You feel less energetic.
You feel more energetic.
You die... ################################ ≈≈≈≈≈≈≈≈≈≈≈≈≈≈≈≈@..÷÷..K∩÷.....# ################################

You could see a kobold brigand.

Vanquished Creatures
  An ogre (D:4)
  An iguana (D:3)
  An adder (D:2)
  A dart slug (D:1)
  2 orcs
  4 bats
  6 endoplasms
  9 giant cockroaches
  6 goblins
  7 hobgoblins
  4 jackals
  11 kobolds
  4 quokkas
  8 ball pythons
  2 frilled lizards
  7 rats
74 creatures vanquished.

Notes
Turn   | Place    | Note
-------+----------+-------------------------------------------
     0 | D:1      | H0rd4k the Deep Elf Hedge Wizard began the quest for the
                  | Orb.
     0 | D:1      | Reached XP level 1. HP: 10/10 MP: 7/7
   350 | D:1      | Reached skill level 5 in Spellcasting
   427 | D:1      | Reached XP level 2. HP: 14/15 MP: 2/10
  1442 | D:1      | Reached XP level 3. HP: 19/19 MP: 3/12
  1445 | D:1      | Learned a level 2 spell: Blink
  1449 | D:1      | Learned a level 3 spell: Conjure Flame
  1453 | D:1      | Learned a level 3 spell: Mephitic Cloud
  1564 | D:1      | Found a faded altar of an unknown god.
  2444 | D:2      | Reached skill level 6 in Spellcasting
  3045 | D:3      | Reached XP level 4. HP: 24/24 MP: 11/14
  3442 | D:3      | Reached skill level 1 in Air Magic
  3499 | D:3      | Noticed Terence
  3529 | D:4      | Noticed an ogre
  3541 | D:4      | Killed an ogre
  3542 | D:4      | Reached skill level 1 in Fire Magic
  3542 | D:4      | Reached skill level 1 in Poison Magic
  3542 | D:4      | Reached XP level 5. HP: 28/28 MP: 3/16
  3627 | D:4      | Found a glowing drain.
  3726 | Sewer    | Entered a sewer
  3939 | Sewer    | Gained mutation: Your magical capacity is low. (-10% MP)
                  | [potion of mutation]
  3939 | Sewer    | Lost mutation: Your magical capacity is low. (-10% MP)
                  | [potion of mutation]
  3939 | Sewer    | Succumbed to a kobold brigand's poison

Illustrated notes

Levels and vault maps discovered:
D:1:      nzn_arrival_depleted_hourglass, layout_loops_corners,
          nicolae_ecumenical_snake_handling
D:2:      layout_basic, minmay_hexomino_p4
D:3:      layout_basic, uniq_terence
D:4:      layout_loops_ring, gup_sewer_entry_pipe, kennysheep_diamond,
          uniq_robin
Sewer:    sewer_kobolds

Skill      XL: |  1  2  3  4 |
---------------+-------------+-----
Spellcasting   | 5 6 |  6.8
Air Magic      | 1 |  1.9
Conjurations   | 2 |  2.3
Fire Magic     | 1 |  1.4
Poison Magic   | 1 |  1.2
Dodging        | |  2.5
Stealth        | |  2.4
Summonings     | |  1.1
Translocations | |  1.1

Action                   |  1- 3 |  4- 6 || total
-------------------------+-------+-------++-------
Melee: Dagger            |       |     2 ||     2
 Cast: Magic Dart        |   143 |    88 ||   231
       Conjure Flame     |       |     1 ||     1
       Mephitic Cloud    |       |     1 ||     1
       Blink             |       |     1 ||     1
  Use: Potion            |       |     3 ||     3
       Scroll            |       |     1 ||     1
Armor: Robe              |     5 |       ||     5
       Leather armour    |     2 |     7 ||     9
Dodge: Dodged            |    12 |    17 ||    29
